 Dungeon Crawl Stone Soup version 0.25.1-2-g60ff931df9 (webtiles) character file.

Game seed: 3239651586187943973

21852 Drachen the Carver (level 12, -10/94 HPs)
             Began as a Demigod Gladiator on Oct 19, 2020.
             Killed from afar by a deep elf mage (38 damage)
             ... with a bolt of lightning
             ... on level 12 of the Dungeon.
             The game lasted 00:54:12 (18230 turns).

Drachen the Carver (Demigod Gladiator)             Turns: 18230, Time: 00:54:12

Health: -10/94     AC:  9    Str: 21    XL:     12   Next: 27%
Magic:  37/40      EV: 18    Int: 15    God:
Gold:   758        SH:  6    Dex: 21    Spells: 7/19 levels left

rFire    + . .     SeeInvis .   O - +3 scimitar (freeze)
rCold    . . .     Gourm    .   F - +0 buckler
rNeg     . . .     Faith    .   G - +2 leather armour {rF+}
rPois    .         Spirit   .   N - +1 helmet {Int+3}
rElec    .         Reflect  .   (no cloak)
rCorr    .         Harm     .   E - +0 pair of gloves
MR       +....                  (no boots)
Stlth    ++........             (no amulet)
HPRegen  0.25/turn              u - ring of magical power
MPRegen  0.27/turn              P - ring of magical power

@: no status effects
A: high mp 1
a: no special abilities


You were on level 12 of the Dungeon.
You were not hungry.

You visited 1 branch of the dungeon, and saw 12 of its levels.

You collected 1032 gold pieces.
You spent 274 gold pieces at shops.

Inventory:

Hand Weapons
 g - a +2 dagger of holy wrath
 x - a +2 short sword of draining
 H - a +2 dagger of venom
 O - a +3 scimitar of freezing (weapon)
Missiles
 b - 36 poisoned darts
 J - 7 atropa-tipped darts
 Q - 6 curare-tipped darts (quivered)
Armour
 j - a +0 scale mail
 E - a +0 pair of gloves (worn)
 F - a +0 buckler (worn)
 G - a +2 leather armour of fire resistance (worn)
 N - a +1 helmet of intelligence (worn)
Jewellery
 d - an uncursed ring of stealth
 u - a ring of magical power (left hand)
 I - an uncursed ring of stealth
 P - a ring of magical power (right hand)
Wands
 a - a wand of flame (10)
 w - a wand of polymorph (14)
 y - a wand of paralysis (14)
 B - a wand of enslavement (10)
Scrolls
 e - a scroll of holy word {unknown}
 k - a scroll of immolation
 m - 4 scrolls of teleportation
 n - 6 scrolls of identify
 p - 4 scrolls of amnesia
 r - a scroll of blinking
 t - a scroll of torment {unknown}
 v - 8 scrolls of remove curse
 A - 2 scrolls of fog
 C - a scroll of enchant armour
 D - a scroll of magic mapping
 K - 2 scrolls of enchant weapon {unknown}
Potions
 i - a potion of haste
 l - a potion of invisibility {unknown}
 o - 2 potions of lignification
 q - 3 potions of resistance
 s - 2 potions of cancellation {unknown}
 z - a potion of heal wounds
 L - 2 potions of brilliance
 M - 3 potions of might {unknown}
Miscellaneous
 c - a phial of floods (inert)
 h - a box of beasts
Comestibles
 f - 15 rations


   Skills:
 - Level 5.0 Fighting
 - Level 3.7(9.9) Short Blades
 - Level 13.8(14.0) Long Blades
 - Level 2.0 Throwing
 + Level 6.0 Armour
 + Level 7.2 Dodging
 - Level 1.0 Stealth
 - Level 4.0 Shields
 + Level 4.1 Spellcasting
 + Level 4.7 Summonings


You had 7 spell levels left.
You knew the following spells:

 Your Spells              Type           Power        Failure   Level  Hunger
a - Summon Demon          Summ           ###.......   63%         5    ######.
b - Call Imp              Summ           ###.....     4%          2    ##.....
c - Aura of Abjuration    Summ           ###.......   63%         5    ######.

Your spell library contained the following spells:

 Spells                   Type           Power        Failure   Level  Hunger
 Summon Small Mammal      Summ           ###.         3%          1    None
 Call Canine Familiar     Summ           ###.....     9%          3    ###....
 Foxfire                  Conj/Fire      #...         21%         1    None
 Recall                   Summ/Tloc      N/A          24%         3    ###....
 Summon Guardian Golem    Hex/Summ       ##......     24%         3    ###....
 Conjure Flame            Conj/Fire      #.......     52%         3    ###....
 Inner Flame              Hex/Fire       #.......     52%         3    ###....
 Summon Ice Beast         Ice/Summ       ##......     61%         4    ####...
 Summon Lightning Spire   Summ/Air       ##......     61%         4    ####...
 Sticky Flame             Conj/Fire      #.......     90%         4    ####...
 Summon Forest            Summ/Tloc      ##........   91%         5    ######.
 Summon Mana Viper        Hex/Summ       ##......     91%         5    ######.
 Fireball                 Conj/Fire      #.........   99%         5    ######.
 Shadow Creatures         Summ           N/A          99%         6    #######


Dungeon Overview and Level Annotations

Branches:
Dungeon (12/15)            Temple (0/1) D:6            Lair (0/6) D:11
    Orc: D:9-12

Shops:
D:5 *   D:7 **   D:11 (

Annotations:
D:6 2 runed translucent doors


Innate Abilities, Weirdness & Mutations

You have an increased reservoir of magic. (+10% MP)


Message History

The bolt of lightning hits your shadow imp!!
Your shadow imp dies!
Your crimson imp blinks!
Quiver which item? (- for none, * to show all) (? for menu, Esc to quit)
Quivering
Q - 7 curare-tipped darts for throwing.
Throwing (i - inventory. (/) - cycle)
Q - 7 curare-tipped darts (quivered)
Press: ? - help, Shift-Dir - straight line, f - deep elf mage
Aim: a deep elf mage, wielding a +0 long sword and wearing a +0 leather armour You throw a curare-tipped dart.
The curare-tipped dart hits the deep elf mage.
The deep elf mage is poisoned.
The deep elf mage convulses.
The deep elf mage seems to slow down.
The deep elf mage is lightly wounded.
You hit the deep elf mage. You freeze the deep elf mage.
The deep elf mage is lightly wounded.
You hit the deep elf mage. You freeze the deep elf mage.
The deep elf mage is moderately wounded.
The deep elf mage gestures at you while chanting.
The bolt of lightning hits you!!!
You die...

##########
#........####
#.....e@)$..#
#....(5.)##.#
#........#
...
#........#
##...
#........#
##...
#.....≈.P# ..
#...≈≈≈≈.# .
#...≈≈≈≈.##
#...≈≈≈...#


You could see a deep elf mage (very poisoned, slow) and a friendly crimson imp
(summoned).

Vanquished Creatures
  Gastronok (D:8)
  A centaur warrior (D:9)
  A two-headed ogre (D:8)
  The ghost of haesbaert the Basher, a novice DsNe of Kikubaaqudgha (D:8)
  Sonja (D:10)
  3 skeletal warriors
  2 ugly things
  2 cyclopes
  A moth of wrath (D:8)
  Maurice (D:8)
  Joseph (D:8)
  A gargoyle (D:12)
  2 centaur skeletons
  A komodo dragon (D:10)
  3 trolls
  A hornet (D:12)
  2 hippogriffs
  18 yaks
  2 basilisks
  A steam dragon (D:11)
  Grum (D:8)
  A soldier ant (D:10)
  3 wargs (D:10)
  Duvessa (D:7)
  2 water moccasins (D:11)
  4 black bears
  An ice beast (D:8)
  An eye of draining (D:10)
  3 orc warriors (D:10)
  4 phantoms
  A necrophage (D:12)
  4 sky beasts
  3 wolves (D:8)
  5 ogres
  2 crocodiles (D:8)
  14 centaurs
  2 big kobolds
  6 bullfrogs
  Dowan (D:7)
  A wyvern zombie (D:7)
  A water moccasin skeleton (D:9)
  A wyvern skeleton (D:5)
  12 killer bees
  14 wights
  3 howler monkeys
  5 crimson imps
  2 centaur zombies
  2 bullfrog zombies
  8 jellies
  11 orc priests
  8 hounds
  3 bullfrog skeletons
  A gnoll shaman (D:8)
  2 iguanas
  17 orc wizards
  6 worker ants
  A hound zombie (D:6)
  A howler monkey zombie (D:6)
  9 gnolls
  16 adders
  3 shadow imps
  3 oozes
  An adder skeleton (D:6)
  A worm (D:3)
  3 dart slugs
  8 leopard geckos
  43 orcs
  A ball python (D:1)
  6 giant cockroaches
  13 goblins
  11 hobgoblins
  5 jackals
  6 quokkas
  5 bats
  5 frilled lizards
  12 kobolds
  2 quokka skeletons
  9 rats
366 creatures vanquished.

Vanquished Creatures (others)
  2 centaurs (D:11)
  4 toadstools (D:11)
6 creatures vanquished.

Grand Total: 372 creatures vanquished

Notes
Turn   | Place    | Note
-------+----------+-------------------------------------------
     0 | D:1      | Drachen the Demigod Gladiator began the quest for the Orb.
     0 | D:1      | Reached XP level 1. HP: 17/17 MP: 3/3
   194 | D:1      | Reached XP level 2. HP: 19/24 MP: 4/4
   660 | D:1      | Reached skill level 3 in Long Blades
   677 | D:1      | Reached skill level 1 in Stealth
   680 | D:1      | Reached XP level 3. HP: 26/29 MP: 5/5
   928 | D:2      | Reached skill level 1 in Armour
  1075 | D:2      | Found a white marble altar of Elyvilon.
  1076 | D:2      | Found an ornate altar of the Wu Jian Council.
  1205 | D:2      | Reached XP level 4. HP: 37/37 MP: 6/6
  1827 | D:3      | Noticed a bullfrog
  1840 | D:3      | Killed a bullfrog
  1840 | D:3      | Reached XP level 5. HP: 17/44 MP: 7/7
  2431 | D:3      | You fall into a shaft and drop 1 floor!
  2455 | D:4      | Noticed a shadow
  2456 | D:4      | Found a shadowy altar of Dithmenos.
  2457 | D:4      | Found a hazy altar of Hepliaklqana.
  3630 | D:4      | Got a crude hand axe
  3632 | D:4      | Identified the cursed +1 hand axe "Arbiter" {pain, rF+
                  | Int+5 Dex+2} (You found it on level 4 of the Dungeon)
  3641 | D:4      | Reached XP level 6. HP: 39/51 MP: 8/8
  3883 | D:4      | Reached skill level 4 in Long Blades
  4279 | D:5      | Entered Level 5 of the Dungeon
  4291 | D:5      | Reached skill level 1 in Short Blades
  4675 | D:5      | Found Sidghip's General Store.
  4728 | D:5      | You fall into a shaft and drop 2 floors!
  4728 | D:7      | Noticed Duvessa
  4728 | D:7      | Noticed Dowan
  4731 | D:7      | Found Zin's Purification Station.
  4734 | D:7      | Found a glowing silver altar of Zin.
  4768 | D:7      | Reached skill level 1 in Shields
  4768 | D:7      | Reached XP level 7. HP: 39/57 MP: 9/9
  5005 | D:7      | Found Diaropae's General Store.
  5020 | D:7      | Bought a potion of berserk rage for 60 gold pieces
  5559 | D:6      | Reached skill level 5 in Dodging
  5562 | D:6      | Found a blossoming altar of Fedhas.
  5572 | D:6      | Reached skill level 5 in Long Blades
  5585 | D:6      | Reached XP level 8. HP: 16/63 MP: 10/10
  6203 | D:6      | Found a snail-covered altar of Cheibriados.
  6233 | D:6      | Found a large runed translucent door.
  6233 | D:6      | Found a large runed translucent door.
  6261 | D:6      | Reached skill level 6 in Long Blades
  6326 | D:6      | Found a large runed translucent door.
  6326 | D:6      | Found a large runed translucent door.
  6506 | D:6      | Reached skill level 7 in Long Blades
  6512 | D:6      | Noticed a cyclops
  6527 | D:6      | Killed a cyclops
  6527 | D:6      | Reached skill level 8 in Long Blades
  6539 | D:6      | Reached XP level 9. HP: 46/69 MP: 11/11
  7204 | D:6      | Found a staircase to the Ecumenical Temple.
  7320 | D:7      | Killed Duvessa
  7320 | D:7      | Reached skill level 9 in Long Blades
  7325 | D:7      | Killed Dowan
  7846 | D:8      | Noticed a two-headed ogre
  7847 | D:8      | Noticed Maurice
  7899 | D:8      | Reached skill level 10 in Long Blades
  8168 | D:8      | Killed a two-headed ogre
  8168 | D:8      | Reached skill level 11 in Long Blades
  8168 | D:8      | Reached XP level 10. HP: 33/77 MP: 13/13
  8481 | D:8      | Noticed haesbaert's ghost (novice DsNe)
  8482 | D:8      | Noticed a moth of wrath
  8482 | D:8      | Noticed Grum
  8495 | D:8      | Killed Grum
  8523 | D:8      | HP: 1/77 [orc priest/divine providence (14)]
  8674 | D:8      | Noticed Joseph
  8694 | D:8      | Killed Joseph
  8694 | D:8      | Reached skill level 12 in Long Blades
  8787 | D:8      | Found a transporter.
  8802 | D:8      | Found a transporter.
  8929 | D:8      | Noticed Gastronok
  8949 | D:8      | Killed Gastronok
  8954 | D:8      | Killed Maurice
  8954 | D:8      | Reached skill level 13 in Long Blades
  9620 | D:8      | Killed a moth of wrath
  9661 | D:8      | Killed haesbaert's ghost
  9661 | D:8      | Reached XP level 11. HP: 22/82 MP: 14/14
  9963 | D:8      | Learned a level 5 spell: Summon Demon
 10000 | D:9      | Found a shattered altar of Ashenzari.
 10276 | D:9      | Noticed a centaur warrior
 10287 | D:9      | Killed a centaur warrior
 10287 | D:9      | Reached skill level 1 in Spellcasting
 10287 | D:9      | Reached skill level 1 in Summonings
 10642 | D:9      | Learned a level 2 spell: Call Imp
 11037 | D:10     | Entered Level 10 of the Dungeon
 11649 | D:10     | Learned a level 5 spell: Aura of Abjuration
 12292 | D:10     | Found the +4 moon troll leather armour {Spirit, Regen++
                  | MP+5}
 12554 | D:10     | Noticed Sonja
 12579 | D:10     | Killed Sonja
 12587 | D:10     | Reached skill level 5 in Fighting
 13031 | D:10     | Reached skill level 5 in Armour
 13379 | D:11     | Noticed a skeletal warrior
 13379 | D:11     | Noticed a skeletal warrior
 13998 | D:11     | Noticed a skeletal warrior
 14757 | D:9      | Found a shattered altar of Ashenzari.
 15332 | D:9      | Killed a skeletal warrior
 15711 | D:10     | Killed a skeletal warrior
 15711 | D:10     | Reached XP level 12. HP: 73/94 MP: 20/20
 16481 | D:11     | HP: 2/94 [centaur/arrow (9)]
 16882 | D:11     | Found a staircase to the Lair.
 17259 | D:11     | Found Goamitis's Antique Weapon Shoppe.
 17273 | D:11     | Bought a glowing long sword for 214 gold pieces
 17773 | D:12     | Noticed a four-headed hydra
 18230 | D:12     | Killed from afar by a deep elf mage

Illustrated notes

Levels and vault maps discovered:
D:1:      sevenhm_arrival_forest_fort_large_4, layout_loops_cross,
          corexii_leaking_fountain, minmay_split_cup_small
D:2:      layout_loops_ring, gammafunk_temple_overflow_statue
D:3:      minmay_wonky_spiral, layout_loops_cross, kennysheep_generic_room_6
D:4:      layout_basic, riverfiend_overflow_shadow_ancestor, first_ration
D:5:      layout_cave_pools, kennysheep_mini_moat, serial_shops,
          nicolae_shop_crystal
D:6:      layout_cave_pools, lemuel_doored_altar, kennysheep_little_box,
          lemuel_temple_firewalk_b, minmay_hollow_rounded_squares
D:7:      layout_rooms, zin_purify, serial_shops,
          nicolae_shop_temple_entry_statues_fountains, uniq_duvessa
D:8:      layout_loops_ring, gammafunk_ghost_berserking_beasts, uniq_maurice,
          uniq_grum, uniq_joseph, uniq_gastronok
D:9:      minmay_distorted_concentric_squares, layout_irregular_city,
          cheibrodos_ashenzari_chains
D:10:     layout_basic, grunt_pizzeria, uniq_sonja
D:11:     layout_rooms, erik_lair_orcish_takeover, serial_shops,
          nicolae_shop_temple_entry_statues_fountains, minmay_gold_behind_fungi
D:12:     layout_roguey, orc_0_dummy, serial_undead, serial_undead_f,
          serial_undead_c, serial_undead_c, serial_undead_d, nicolae_wwwww,
          minmay_misc_feat_secret_circle, eino_jars, uniq_psyche

Skill      XL: |  1  2  3  4  5  6  7  8  9 10 11 12 |
---------------+-------------------------------------+-----
Throwing       | 2 |  2.0
Fighting       | 2 3 5 |  5.0
Long Blades    | 3 4 5 8 11 13 | 13.8
Stealth        | 1 |  1.0
Dodging        | 3 4 5 6 7 |  7.2
Armour         | 1 2 3 5 6 |  6.0
Short Blades   | 2 3 |  3.7
Shields        | 1 2 4 |  4.0
Spellcasting   | 3 4 |  4.1
Summonings     | 3 4 |  4.7

Action                   |  1- 3 |  4- 6 |  7- 9 | 10-12 || total
-------------------------+-------+-------+-------+-------++-------
Melee: Long sword        |    92 |   114 |       |       ||   206
       Short sword       |       |   100 |    44 |    14 ||   158
       Dagger            |       |     9 |    67 |    28 ||   104
       Falchion          |       |       |   177 |       ||   177
       Scimitar          |       |       |    87 |   650 ||   737
Throw: Throwing net      |       |     3 |     5 |     6 ||    14
       Dart              |       |       |     8 |     2 ||    10
 Cast: Call Imp          |       |       |       |    64 ||    64
Evoke: Wand              |       |       |     2 |     8 ||    10
       Phial of floods   |       |       |       |     2 ||     2
       Box of beasts     |       |       |       |     1 ||     1
  Use: Scroll            |       |     3 |    13 |     5 ||    21
       Potion            |       |     1 |     4 |    11 ||    16
 Stab: Sleeping          |     1 |       |       |     1 ||     2
       Confused          |       |       |     4 |       ||     4
       Held in net/web   |       |       |       |     4 ||     4
       Distracted        |       |       |       |     3 ||     3
       Paralysed         |       |       |       |     3 ||     3
  Eat: Chunk             |     1 |     8 |     8 |    19 ||    36
       Ration            |       |     1 |     1 |     5 ||     7
Armor: Leather armour    |     3 |       |       |    55 ||    58
       Scale mail        |    34 |   106 |    98 |    82 ||   320
       Skin              |       |       |    17 |       ||    17
Dodge: Dodged            |    69 |   134 |   140 |   401 ||   744
Block: Buckler           |       |    14 |    69 |   144 ||   227
       Rpst.: Long sword |    27 |    19 |       |       ||    46
       Falchion          |       |       |    19 |       ||    19
       Scimitar          |       |       |     8 |   100 ||   108
